 Dungeon Crawl Stone Soup version 0.25-a0-547-g27a0b5d (webtiles) character file.

Game seed: 9009887757346724348, levelgen mode: deterministic

197 Faels the Ducker (level 5, -10/25 HPs)
             Began as a Felid Fighter on Feb 21, 2020.
             Was an Initiate of Okawaru.
             Mangled by an ogre
             ... wielding a +0 giant spiked club
              (15 damage)
             ... on level 4 of the Dungeon.
             The game lasted 00:13:12 (3725 turns).

Faels the Ducker (Felid Fighter)                    Turns: 3725, Time: 00:13:12

Health: -10/25     AC:  2    Str: 12    XL:     5   Next: 46%
Magic:  7/7        EV: 21    Int: 10    God:    Okawaru [......]
Gold:   125        SH:  0    Dex: 16    Spells: 4/4 levels left
                                        Lives:  0   Deaths: 1

rFire    . . .     SeeInvis +     - Unarmed
rCold    . . .     Gourm    .   (shield unavailable)
rNeg     . . .     Faith    .   (armour unavailable)
rPois    +         Spirit   .   (helmet unavailable)
rElec    .         Reflect  .   (cloak unavailable)
rCorr    .         Harm     .   (gloves unavailable)
MR       .....     Clarity  +   (boots unavailable)
Stlth    +++.......             m - amulet of the acrobat
HPRegen  0.08/turn              (no ring)
MPRegen  0.10/turn              (no ring)

@: quick
A: very small, no armour, no weapons or thrown items, stealth, claws 1, fangs 3,
see invisible, carnivore, clarity, speed 1, sense surroundings 1, poison
resistance, shaggy fur 2, slow metabolism 1, evolution 1, sharp paws
a: Renounce Religion


You were on level 4 of the Dungeon.
You worshipped Okawaru.
Okawaru was noncommittal.
You were completely stuffed.

You visited 2 branches of the dungeon, and saw 5 of its levels.

You collected 125 gold pieces.

Inventory:

Jewellery
 m - an amulet of the acrobat (around neck)
Wands
 o - a wand of disintegration (15)
Scrolls
 c - 3 scrolls of identify
 d - 2 scrolls of fear {unknown}
 e - a scroll of immolation {unknown}
 g - 4 scrolls of remove curse
 i - 2 scrolls of enchant armour
 k - a scroll of magic mapping {unknown}
 n - a scroll of amnesia {unknown}
 p - a scroll of enchant weapon {unknown}
Potions
 f - a potion of berserk rage {unknown}
 h - 2 potions of degeneration {unknown}
 j - a potion of heal wounds {unknown}
 l - a potion of curing {unknown}
 q - a potion of magic {unknown}
Comestibles
 a - 2 chunks of flesh
 b - 6 rations


   Skills:
 + Level 4.2 Fighting
 + Level 5.6 Dodging
 + Level 4.0 Stealth
 + Level 5.0 Unarmed Combat
 + Level 1.7 Evocations


You had 4 spell levels left.
You didn't know any spells.
Your spell library was empty.

Dungeon Overview and Level Annotations

Branches:
Dungeon (4/15)             Temple (1/1) D:4

Altars:
Ashenzari
Cheibriados
Dithmenos
Elyvilon
Fedhas
Gozag
Hepliaklqana
Kikubaaqudgha
Makhleb
Nemelex Xobeh
Okawaru
Qazlal
Ru
Sif Muna
Trog
Uskayaw
Vehumet
Wu Jian
Yredelemnul
Zin
The Shining One


Innate Abilities, Weirdness & Mutations

You cannot wear armour.
You are incapable of wielding weapons or throwing items.
Your paws allow you to move quietly. (Stealth)
You have sharp claws.
You have razor-sharp teeth.
You have supernaturally acute eyesight. (SInv)
You are carnivorous and can eat meat at any time.
You cover ground quickly.
You are covered in thick fur. (AC +2)
You have a slow metabolism.
Your sharp claws are effective at attacking unaware monsters.
You possess an exceptional clarity of mind.
You passively map a small area around you.
Your system is resistant to poisons. (rPois)
You evolve.


Message History

You scratch the ogre. You bite the ogre.
The ogre is moderately wounded.
The ogre hits you with a +0 giant spiked club!!
Ouch! That really hurt!
* * * LOW HITPOINT WARNING * * *
You scratch the ogre but do no damage. You bite the ogre.
The ogre is moderately wounded.
You scratch the ogre but do no damage.
The ogre is moderately wounded.
The ogre misses you.
You completely miss the ogre.
The ogre is moderately wounded.
The ogre closely misses you.
You scratch the ogre but do no damage.
The ogre is moderately wounded.
You scratch the ogre.
The ogre is heavily wounded.
The ogre hits you with a +0 giant spiked club!
Ouch! That really hurt!
You die...

...#.#....# ..
#^........# .....#.###.
.....# #.......... #....#
... ....####........##
#.... .... ,
.....##........'. #,...
....# #....##........## #
.. ......
#....##........## #,
......##.....+.........#
. *
............##.........#
..* *
#'#..O@....###.....##.#
... ,
..............#.....##.#
.... ,
......#.......#.....##.#
,
......#.............##.#
, .....
#.............##.# .....
#.............##.# ,
,....,...###...#...####.#
, .#..,.............# #.#
,, .............## #.#


You could see an ogre.

Vanquished Creatures
  Crazy Yiuf (D:3)
  An orc priest (D:4)
  Jessica (D:2)
  2 worker ants (D:4)
  A hound skeleton (D:4)
  6 adders
  4 worms
  3 dart slugs
  5 leopard geckos
  7 orcs
  5 giant cockroaches
  10 hobgoblins
  12 jackals
  A quokka (D:2)
  3 ball pythons (D:2)
  5 bats
  6 frilled lizards
  9 goblins
  A jackal skeleton (D:4)
  5 kobolds
  7 rats
95 creatures vanquished.

Notes
Turn   | Place    | Note
-------+----------+-------------------------------------------
     0 | D:1      | Faels the Felid Fighter began the quest for the Orb.
     0 | D:1      | Reached XP level 1. HP: 10/10 MP: 2/2
    15 | D:1      | You fall into a shaft and drop 1 floor!
   140 | D:1      | Reached skill level 1 in Stealth
   140 | D:1      | Reached XP level 2. HP: 14/14 MP: 3/3
   761 | D:1      | Reached XP level 3. HP: 17/17 MP: 4/4
  1454 | D:2      | Reached XP level 4. HP: 21/21 MP: 5/5
  1670 | D:2      | Noticed Jessica
  1674 | D:2      | Killed Jessica
  1726 | D:2      | Found a faded altar of an unknown god.
  1994 | D:3      | Reached skill level 5 in Dodging
  2001 | D:3      | Gained mutation: Your mind is acute. (Int +2) [potion of
                  | mutation]
  2002 | D:3      | Lost mutation: Your mind is acute. (Int +2) [potion of
                  | mutation]
  2002 | D:3      | Gained mutation: Your system is resistant to poisons.
                  | (rPois) [potion of mutation]
  2002 | D:3      | Gained mutation: You evolve. [potion of mutation]
  2002 | D:3      | Gained mutation: You are covered in thick fur. (AC +2)
                  | [potion of mutation]
  2002 | D:3      | Gained mutation: You possess an exceptional clarity of
                  | mind. [potion of mutation]
  2158 | D:3      | Reached XP level 5. HP: 25/25 MP: 6/6
  2443 | D:3      | Gained mutation: You passively map a small area around you.
                  | [evolution]
  2505 | D:3      | Found a runed translucent door.
  2506 | D:3      | Noticed Crazy Yiuf
  2586 | D:3      | Killed Crazy Yiuf
  2586 | D:3      | Reached skill level 1 in Evocations
  3173 | D:4      | Found a staircase to the Ecumenical Temple.
  3248 | Temple   | Entered the Ecumenical Temple
  3331 | Temple   | Became a worshipper of Warmaster Okawaru
  3363 | D:4      | Killed from afar by an orc priest
  3364 | D:4      | Reached XP level 4. HP: -11/22 MP: 6/6
  3419 | D:4      | Reached XP level 5. HP: 25/25 MP: 7/7
  3538 | D:4      | Noticed an ogre
  3541 | D:4      | Noticed an ogre
  3706 | D:4      | Reached skill level 5 in Unarmed Combat
  3715 | D:4      | Noticed an ogre
  3725 | D:4      | Mangled by an ogre

Levels and vault maps discovered:
D:1:      onia_arrival_pyramid, layout_loops_ring
D:2:      layout_basic, first_ration, chequers_ecumenical_altar_island,
          kennysheep_generic_room_10, uniq_jessica
D:3:      layout_basic, uniq_crazy_yiuf_cottage
D:4:      layout_basic, minmay_temple_entry_statues_fountains
Temple:   dpeg_three_leaves_temple

Skill      XL: |  1  2  3  4  5 |
---------------+----------------+-----
Stealth        | 1 2 3 4 |  4.0
Dodging        | 5 |  5.6
Fighting       | 4 |  4.2
Evocations     | 1 |  1.7
Unarmed Combat | 5 |  5.0

Action                   |  1- 3 |  4- 6 || total
-------------------------+-------+-------++-------
Melee: Unarmed           |   125 |   116 ||   241
       Bite              |     9 |     9 ||    18
       Punch             |       |     3 ||     3
Evoke: Wand              |       |     3 ||     3
  Use: Scroll            |     1 |     3 ||     4
       Potion            |       |     3 ||     3
 Stab: Sleeping          |     6 |    11 ||    17
       Distracted        |       |     1 ||     1
  Eat: Chunk             |     8 |    10 ||    18
Armor: Skin              |     5 |     6 ||    11
Dodge: Dodged            |   103 |   102 ||   205

Table legend:
 A = Non-vault XP
 B = Vault XP
 C = Vault XP percentage of total XP
 D = Non-vault monster count
 E = Vault monster count
 F = Vault count percentage of total count
                 A         B        C        D         E       F
            +---------+---------+-------+---------+---------+-------
      Total |     375 |      78 |  17.2 |      93 |       2 |   2.1
            +---------+---------+-------+---------+---------+-------
        D:1 |      50 |       0 |   0.0 |      27 |       0 |   0.0
        D:2 |      57 |      37 |  39.4 |      23 |       1 |   4.2
        D:3 |      93 |      41 |  30.6 |      27 |       1 |   3.6
        D:4 |     175 |       0 |   0.0 |      16 |       0 |   0.0
            +---------+---------+-------+---------+---------+-------
